 Dungeon Crawl Stone Soup version 0.21.1-1-g345015fe64 (webtiles) character file.

17399 Goboxel the Thaumaturge (level 12, -6/84 HPs)
             Began as a Gnoll Skald on Apr 16, 2018.
             Was a Priest of Hepliaklqana.
             Mangled by a minotaur
             ... wielding a +0 broad axe of electrocution
              (25 damage)
             ... in a labyrinth.
             The game lasted 00:49:30 (11777 turns).

Goboxel the Thaumaturge (Gnoll Skald)              Turns: 11777, Time: 00:49:31

Health: -6/84      AC: 17    Str: 14    XL:     12   Next: 47%
Magic:  17/24      EV: 18    Int: 16    God:    Hepliaklqana [***...]
Gold:   731        SH:  6    Dex: 18    Spells: 10/28 levels left

rFire    . . .     SeeInvis .   B - +3 whip (elec)
rCold    . . .     Gourm    .   a - +0 buckler
rNeg     . . .     Faith    +   F - +6 leather armour "Walos" {rElec Regen+ Str-5 Stlth+}
rPois    .         Spirit   .   y - +0 helmet
rElec    +         Reflect  .   q - +2 cloak
rCorr    .         Harm     .   N - +1 pair of gloves
MR       .....                  (no boots)
Stlth    +++++.....             E - amulet of faith
HPRegen  1.64/turn              w - +4 ring of strength
MPRegen  0.19/turn              (no ring)

@: shrouded, regenerating
A: distributed training, reduced essence, fangs 1, mutation resistance 1, strong
nose
a: Recall Ancestor, Ancestor Identity, Transference, Renounce Religion


You were in a labyrinth.
You worshipped Hepliaklqana.
Hepliaklqana was most pleased with you.
You were not hungry.

You visited 3 branches of the dungeon, and saw 14 of its levels.
You also visited: Labyrinth.

You collected 731 gold pieces.

Inventory:

Hand Weapons
 m - a +0 dagger of venom
 r - a +0 mace of holy wrath
 B - a +3 whip of electrocution (weapon)
 R - a +1 flail of draining
Armour
 a - a +0 buckler (worn)
 c - a +1 leather armour of fire resistance
 q - a +2 cloak (worn)
 y - a +0 helmet (worn)
 F - the +6 leather armour "Walos" (worn) {rElec Regen+ Str-5 Stlth+}
   (You found it on level 6 of the Dungeon)

   It affects your strength (-5).
   It insulates you from electricity.
   It increases your rate of regeneration.
   It makes you more stealthy.
 K - a scarf of resistance
 N - a +1 pair of gloves (worn)
Jewellery
 o - an uncursed amulet of rage
 w - a +4 ring of strength (left hand)
 E - an amulet of faith (around neck)
 Q - an uncursed amulet of harm {unknown}
Wands
 b - a wand of acid (19)
 h - a wand of polymorph (45)
 t - a wand of digging (13)
 v - a wand of iceblast (11)
 J - a wand of clouds (7)
 L - a wand of paralysis (9)
Scrolls
 e - 3 scrolls of identify
 f - 4 scrolls of fear
 i - a scroll of enchant armour
 k - a scroll of magic mapping
 l - 5 scrolls of teleportation
 n - 2 scrolls of amnesia
 H - a scroll of remove curse
 P - a scroll of fog
 T - a scroll of summoning {unknown}
Potions
 g - a potion of resistance
 j - 2 potions of ambrosia
 p - 4 potions of curing
 s - 2 potions of invisibility
 u - 5 potions of lignification
 x - a potion of might
 A - 2 potions of brilliance
 C - a potion of agility
 D - 2 potions of magic
 M - a potion of haste
 O - 2 potions of flight
 S - 2 potions of heal wounds
Books
 z - a book of Beasts

   Spells                             Type                      Level
   a - Summon Butterflies             Summoning                    1
   b - Call Canine Familiar           Summoning                    3
   c - Summon Ice Beast               Ice/Summoning                4
   d - Summon Mana Viper              Hexes/Summoning              5
   e - Summon Hydra                   Summoning                    7
 G - a book of Clouds

   Spells                             Type                      Level
   a - Poisonous Vapours              Poison/Air                   2
   b - Mephitic Cloud                 Conjuration/Poison/Air       3
   c - Conjure Flame                  Conjuration/Fire             3
   d - Freezing Cloud                 Conjuration/Ice/Air          6
   e - Ring of Flames                 Charms/Fire                  7
 I - a book of Callings

   Spells                             Type                      Level
   a - Summon Small Mammal            Summoning                    1
   b - Call Imp                       Summoning                    2
   c - Call Canine Familiar           Summoning                    3
   d - Summon Guardian Golem          Hexes/Summoning              3
   e - Summon Lightning Spire         Summoning/Air                4
   f - Summon Ice Beast               Ice/Summoning                4
Comestibles
 d - 24 rations


   Skills:
 + Level 8.6 Fighting
 + Level 7.2 Short Blades
 + Level 8.6 Long Blades
 + Level 7.2 Axes
 + Level 7.2 Maces & Flails
 + Level 7.2 Polearms
 + Level 7.2 Staves
 + Level 7.2 Slings
 + Level 7.2 Bows
 + Level 7.2 Crossbows
 + Level 7.2 Throwing
 + Level 7.7 Armour
 + Level 8.6 Dodging
 + Level 7.2 Stealth
 + Level 7.2 Shields
 + Level 7.2 Unarmed Combat
 + Level 8.9 Spellcasting
 + Level 6.0 Conjurations
 + Level 6.0 Hexes
 + Level 8.2 Charms
 + Level 6.0 Summonings
 + Level 6.0 Necromancy
 + Level 6.0 Translocations
 + Level 6.0 Transmutations
 + Level 6.0 Fire Magic
 + Level 6.0 Ice Magic
 + Level 6.0 Air Magic
 + Level 6.0 Earth Magic
 + Level 6.0 Poison Magic
 + Level 7.9 Invocations
 + Level 7.2 Evocations


You had 10 spell levels left.
You knew the following spells:

 Your Spells              Type           Power        Failure   Level  Hunger
a - Infusion              Chrm           ####         1%          1    None
b - Song of Slaying       Chrm           ####....     1%          2    None
c - Shroud of Golubria    Chrm/Tloc      ####......   1%          2    None
d - Regeneration          Chrm/Necr      ####......   1%          3    #......
e - Spectral Weapon       Hex/Chrm       ####....     1%          3    #......
f - Mephitic Cloud        Conj/Pois/Air  ####....     3%          3    #......
g - Summon Ice Beast      Ice/Summ       ####....     10%         4    ###....


Dungeon Overview and Level Annotations

Branches:
Dungeon (12/15)            Temple (1/1) D:4            Lair (1/6) D:8
    Orc (0/2) D:10

Altars:
Ashenzari
Cheibriados
Dithmenos
Elyvilon
Fedhas
Gozag
Hepliaklqana
Kikubaaqudgha
Makhleb
Nemelex Xobeh
Okawaru
Qazlal
Ru
Sif Muna
Trog
Uskayaw
Vehumet
Wu Jian
Xom
Yredelemnul
Zin
The Shining One

Shops:
D:5 *   D:12 (((

Annotations:
D:8 1 runed door


Innate Abilities, Weirdness & Mutations

Your experience applies equally to all skills.
You have very sharp teeth.
Your uncanny sense of smell can sniff out nearby items.
Your life essence is reduced to manifest your ancestor. (-10% HP)
You are somewhat resistant to further mutation.


Message History

Your spectral weapon shares its damage with you!
Your shroud bends the minotaur's attack away!
You hit the minotaur. Lightning courses through the minotaur!
The minotaur is severely wounded.
Your spectral weapon barely misses the minotaur.
The minotaur furiously retaliates!
The minotaur headbutts your spectral weapon, but does no damage.
You hit the minotaur.
You bite the minotaur, but do no damage.
The minotaur is severely wounded.
Your spectral weapon barely misses the minotaur.
The minotaur hits you with a broad axe of electrocution!!
* * * LOW HITPOINT WARNING * * *
The minotaur misses your spectral weapon.
The minotaur completely misses you.
You hit the minotaur.
The minotaur is severely wounded.
Your spectral weapon hits the minotaur but does no damage.
The minotaur hits you with a broad axe of electrocution!!
You die...

#. . ..#
#.###.###
### #...#..
###.#.#
.#...#. #
... ...##.#
## ####....#
#≈≈ #.#.##.#
≈.#.#@...#
#≈<...H(.###
#≈≈.#.#....#
#≈≈ #.#..#.#
## ###....#
...### ...#
.###


You could see a minotaur and a friendly spectral whip of electrocution.

Vanquished Creatures
  2 hydras
  A two-headed ogre (D:12)
  The ghost of Oravi the Transmogrifier, a novice MfTm of Qazlal (D:7)
  A black mamba (Lair:1)
  Joseph (D:9)
  2 yaktaurs (D:12)
  2 trolls
  Grinder (D:6)
  2 hippogriffs
  Sigmund (D:3)
  2 wraiths
  2 wyverns
  18 yaks
  The ghost of supermoro the Skirmisher, an amateur MiFi (D:3)
  A hungry ghost (D:9)
  A human (D:7)
  2 hogs (D:7)
  Duvessa (D:7)
  3 black bears
  2 ice beasts
  A sky beast (D:5)
  6 orc warriors
  A necrophage (D:10)
  3 phantoms
  An ogre (D:10)
  9 centaurs
  3 big kobolds (D:11)
  4 bullfrogs
  Dowan (D:7)
  2 scorpions (D:10)
  2 electric eels (D:7)
  8 wights
  A howler monkey (D:11)
  2 crimson imps
  4 lava snakes (Lab)
  8 hounds
  A bullfrog zombie (D:12)
  A quasit (D:12)
  Crazy Yiuf (D:2)
  A jelly (D:9)
  10 orc priests
  Ijyb (D:3)
  2 centaur skeletons
  15 orc wizards
  Terence (D:3)
  4 iguanas
  6 worker ants
  A hound zombie (D:6)
  A hound skeleton (D:4)
  6 gnolls
  13 adders
  A howler monkey skeleton (D:5)
  3 shadow imps
  3 oozes
  A worm (D:2)
  3 leopard geckos
  39 orcs
  2 ball pythons
  6 giant cockroaches
  15 goblins
  17 hobgoblins
  9 jackals
  4 quokkas
  6 bats
  3 frilled lizards
  A jackal skeleton (D:5)
  17 kobolds
  A quokka skeleton (D:4)
  8 rats
306 creatures vanquished.

Vanquished Creatures (collateral kills)
  An unseen horror (D:11)
  Psyche (D:10)
  A gargoyle (D:11)
  2 trolls (D:11)
  A shadow (D:11)
  A basilisk (D:11)
  3 yaks (D:10)
  A hungry ghost (D:11)
  A sky beast (D:11)
  A phantom (D:8)
  A centaur (D:7)
  3 bullfrogs
  A wight (D:10)
  An electric eel (D:7)
  A jelly (D:11)
  A howler monkey (D:11)
  A quasit (D:10)
  3 hounds
  An orc wizard (D:7)
  An adder (D:8)
  10 orcs
  3 kobolds (D:11)
40 creatures vanquished.

Vanquished Creatures (others)
  2 battlemagi
  5 ancestors
  A fungus (Lair:1)
  3 plants (D:7)
  5 spectral weapons
16 creatures vanquished.

Grand Total: 362 creatures vanquished

Notes
Turn   | Place    | Note
-------+----------+-------------------------------------------
     0 | D:1      | Goboxel the Gnoll Skald began the quest for the Orb.
     0 | D:1      | Reached XP level 1. HP: 20/20 MP: 6/6
    89 | D:1      | Reached XP level 2. HP: 21/26 MP: 2/7
   121 | D:1      | Learned a level 2 spell: Song of Slaying
   124 | D:1      | Learned a level 2 spell: Shroud of Golubria
   360 | D:1      | Reached XP level 3. HP: 31/31 MP: 9/9
   370 | D:1      | Learned a level 3 spell: Regeneration
   389 | D:1      | Learned a level 3 spell: Spectral Weapon
   467 | D:1      | Reached skill level 5 in Spellcasting
   830 | D:2      | Reached skill level 1 in Invocations
   846 | D:2      | Found a sacrificial altar of Ru.
   855 | D:2      | Reached skill level 1 in Short Blades
   855 | D:2      | Reached skill level 1 in Axes
   855 | D:2      | Reached skill level 1 in Maces & Flails
   855 | D:2      | Reached skill level 1 in Polearms
   855 | D:2      | Reached skill level 1 in Staves
   855 | D:2      | Reached skill level 1 in Slings
   855 | D:2      | Reached skill level 1 in Bows
   855 | D:2      | Reached skill level 1 in Crossbows
   855 | D:2      | Reached skill level 1 in Throwing
   855 | D:2      | Reached skill level 1 in Stealth
   855 | D:2      | Reached skill level 1 in Shields
   855 | D:2      | Reached skill level 1 in Unarmed Combat
   855 | D:2      | Reached skill level 1 in Evocations
   855 | D:2      | Reached XP level 4. HP: 36/38 MP: 2/11
  1045 | D:2      | Found a stormy altar of Qazlal.
  1276 | D:2      | Found a runed door.
  1280 | D:2      | Noticed Crazy Yiuf
  1290 | D:2      | Killed Crazy Yiuf
  1290 | D:2      | Reached skill level 1 in Conjurations
  1290 | D:2      | Reached skill level 1 in Hexes
  1290 | D:2      | Reached skill level 1 in Summonings
  1290 | D:2      | Reached skill level 1 in Necromancy
  1290 | D:2      | Reached skill level 1 in Translocations
  1290 | D:2      | Reached skill level 1 in Transmutations
  1290 | D:2      | Reached skill level 1 in Fire Magic
  1290 | D:2      | Reached skill level 1 in Ice Magic
  1290 | D:2      | Reached skill level 1 in Air Magic
  1290 | D:2      | Reached skill level 1 in Earth Magic
  1290 | D:2      | Reached skill level 1 in Poison Magic
  1290 | D:2      | Reached XP level 5. HP: 27/43 MP: 10/12
  1447 | D:2      | Found an iron altar of Okawaru.
  1450 | D:2      | Found an ornate altar of the Wu Jian Council.
  1668 | D:2      | Found a bloodstained altar of Trog.
  1860 | D:3      | Noticed supermoro's ghost (amateur MiFi)
  2012 | D:3      | Found a sparkling altar of Nemelex Xobeh.
  2012 | D:3      | Found a white marble altar of Elyvilon.
  2190 | D:3      | Found a hazy altar of Hepliaklqana.
  2200 | D:3      | Noticed Sigmund
  2208 | D:3      | Noticed Terence
  2562 | D:3      | Found a shadowy altar of Dithmenos.
  2580 | D:3      | Killed Sigmund
  2580 | D:3      | Reached skill level 5 in Fighting
  2580 | D:3      | Reached skill level 5 in Long Blades
  2580 | D:3      | Reached skill level 5 in Dodging
  2580 | D:3      | Reached XP level 6. HP: 51/51 MP: 14/14
  2584 | D:3      | Killed supermoro's ghost
  2584 | D:3      | Reached XP level 7. HP: 56/56 MP: 15/15
  2584 | D:3      | Killed Terence
  2850 | D:3      | Noticed Ijyb
  2870 | D:3      | Killed Ijyb
  3231 | D:4      | Found a staircase to the Ecumenical Temple.
  3334 | Temple   | Entered the Ecumenical Temple
  3525 | D:4      | You fall through a shaft for 2 floors!
  3549 | D:6      | Reached XP level 8. HP: 48/63 MP: 16/16
  3644 | D:5      | Entered Level 5 of the Dungeon
  4754 | D:5      | Found Zin's Purification Station.
  4757 | D:5      | Found a glowing silver altar of Zin.
  5266 | D:6      | Got a faintly glowing leather armour
  5330 | D:6      | Learned a level 3 spell: Mephitic Cloud
  5346 | D:6      | Noticed Grinder
  5350 | D:6      | Paralysed by Grinder for 7 turns
  5361 | D:6      | Paralysed by Grinder for 6 turns
  5376 | D:6      | Killed Grinder
  5376 | D:6      | Reached XP level 9. HP: 44/69 MP: 11/18
  5592 | D:6      | Found a blossoming altar of Fedhas.
  6275 | D:3      | Became a worshipper of Hepliaklqana the Forgotten
  6346 | D:7      | Noticed Oravi's ghost (novice MfTm)
  6357 | D:7      | Killed Oravi's ghost
  6384 | D:7      | Reached skill level 5 in Armour
  6720 | D:7      | Identified the +6 leather armour "Walos" {rElec Regen+ Str-5 Stlth+} (You found it on level 6 of the Dungeon)
  6828 | D:7      | Noticed a troll
  6840 | D:7      | Killed a troll
  7029 | D:7      | Reached * piety under Hepliaklqana
  7087 | D:7      | Reached skill level 5 in Invocations
  7098 | D:7      | Reached XP level 10. HP: 39/69 MP: 16/20
  7650 | D:7      | Noticed Dowan
  7651 | D:7      | Noticed Duvessa
  7675 | D:7      | Killed Duvessa
  7705 | D:6      | Reached skill level 5 in Short Blades
  7705 | D:6      | Reached skill level 5 in Axes
  7705 | D:6      | Reached skill level 5 in Maces & Flails
  7705 | D:6      | Reached skill level 5 in Polearms
  7705 | D:6      | Reached skill level 5 in Staves
  7705 | D:6      | Reached skill level 5 in Slings
  7705 | D:6      | Reached skill level 5 in Bows
  7705 | D:6      | Reached skill level 5 in Crossbows
  7705 | D:6      | Reached skill level 5 in Throwing
  7705 | D:6      | Reached skill level 5 in Stealth
  7705 | D:6      | Reached skill level 5 in Shields
  7705 | D:6      | Reached skill level 5 in Unarmed Combat
  7705 | D:6      | Reached skill level 5 in Evocations
  7834 | D:7      | Killed Dowan
  8342 | D:8      | Noticed an angel
  8348 | D:8      | Found a glowing golden altar of the Shining One.
  8349 | D:8      | Found a runed door.
  8366 | D:8      | Found a shimmering altar of Xom.
  8404 | D:8      | Gained mutation: Your body sometimes deteriorates upon taking damage. [potion of mutation]
  8404 | D:8      | Gained mutation: You are partially covered in thin metallic scales. (AC +2) [potion of mutation]
  8404 | D:8      | Gained mutation: Your flesh is cold resistant. (rC+) [potion of mutation]
  8405 | D:8      | Lost mutation: Your flesh is cold resistant. (rC+) [potion of mutation]
  8405 | D:8      | Lost mutation: Your body sometimes deteriorates upon taking damage. [potion of mutation]
  8405 | D:8      | Gained mutation: Your magical capacity is low. (-10% MP) [potion of mutation]
  8405 | D:8      | Gained mutation: You are resistant to electric shocks. (rElec) [potion of mutation]
  8461 | D:8      | Lost mutation: Your magical capacity is low. (-10% MP) [potion of mutation]
  8461 | D:8      | Lost mutation: You are resistant to electric shocks. (rElec) [potion of mutation]
  8461 | D:8      | Lost mutation: You are partially covered in thin metallic scales. (AC +2) [potion of mutation]
  8461 | D:8      | Gained mutation: You are frail. (-10% HP) [potion of mutation]
  8461 | D:8      | Gained mutation: Your system is resistant to poisons. (rPois) [potion of mutation]
  8489 | D:8      | You fall through a shaft!
  8677 | D:8      | Found a staircase to the Lair.
  8774 | Lair:1   | Entered Level 1 of the Lair of Beasts
  8792 | Lair:1   | Noticed a black mamba
  8826 | Lair:1   | Killed a black mamba
  8871 | Lair:1   | Noticed a five-headed hydra
  8937 | Lair:1   | Killed a five-headed hydra
  8937 | Lair:1   | Reached XP level 11. HP: 18/67 MP: 14/22
  9154 | D:8      | Reached ** piety under Hepliaklqana
  9272 | D:9      | Noticed Joseph
  9288 | D:9      | Killed Joseph
  9695 | D:10     | Entered Level 10 of the Dungeon
  9769 | D:10     | Reached skill level 5 in Conjurations
  9769 | D:10     | Reached skill level 5 in Hexes
  9769 | D:10     | Reached skill level 5 in Summonings
  9769 | D:10     | Reached skill level 5 in Necromancy
  9769 | D:10     | Reached skill level 5 in Translocations
  9769 | D:10     | Reached skill level 5 in Transmutations
  9769 | D:10     | Reached skill level 5 in Fire Magic
  9769 | D:10     | Reached skill level 5 in Ice Magic
  9769 | D:10     | Reached skill level 5 in Air Magic
  9769 | D:10     | Reached skill level 5 in Earth Magic
  9769 | D:10     | Reached skill level 5 in Poison Magic
  9935 | D:10     | Noticed Psyche
  9956 | D:10     | Killed Psyche
  9959 | D:10     | Remembered your ancestor Oma as a battlemage
  9974 | D:10     | Lost mutation: Your system is resistant to poisons. (rPois) [potion of mutation]
  9974 | D:10     | Lost mutation: You are frail. (-10% HP) [potion of mutation]
  9974 | D:10     | Gained mutation: You are somewhat resistant to further mutation. [potion of mutation]
 10038 | D:10     | Found a staircase to the Orcish Mines.
 10617 | D:11     | Found a hazy altar of Hepliaklqana.
 10721 | D:11     | Reached *** piety under Hepliaklqana
 10852 | D:10     | Learned a level 4 spell: Summon Ice Beast
 10914 | D:11     | Reached XP level 12. HP: 82/83 MP: 24/24
 11060 | D:12     | Found Zuxa Fufep's Antique Weapon Shop.
 11069 | D:12     | Noticed a two-headed ogre
 11082 | D:12     | Killed a two-headed ogre
 11093 | D:12     | Found Atuyh's Antique Weapon Emporium.
 11343 | D:12     | Found Bukusom's Antique Weapon Emporium.
 11363 | D:12     | Noticed a four-headed hydra
 11372 | D:12     | Killed a four-headed hydra
 11410 | D:12     | Found a labyrinth entrance.
 11487 | Lab      | Entered a labyrinth
 11764 | Lab      | Noticed a minotaur
 11777 | Lab      | Mangled by a minotaur

Skill      XL: |  1  2  3  4  5  6  7  8  9 10 11 12 |
---------------+-------------------------------------+-----
Spellcasting   | 5 6 7 8 |  8.9
Invocations    | 1 2 3 4 5 6 7 |  7.9
Short Blades   | 1 2 3 4 5 6 7 |  7.2
Axes           | 1 2 3 4 5 6 7 |  7.2
Maces & Flails | 1 2 3 4 5 6 7 |  7.2
Polearms       | 1 2 3 4 5 6 7 |  7.2
Staves         | 1 2 3 4 5 6 7 |  7.2
Slings         | 1 2 3 4 5 6 7 |  7.2
Bows           | 1 2 3 4 5 6 7 |  7.2
Crossbows      | 1 2 3 4 5 6 7 |  7.2
Throwing       | 1 2 3 4 5 6 7 |  7.2
Stealth        | 1 2 3 4 5 6 7 |  7.2
Shields        | 1 2 3 4 5 6 7 |  7.2
Unarmed Combat | 1 2 3 4 5 6 7 |  7.2
Evocations     | 1 2 3 4 5 6 7 |  7.2
Conjurations   | 1 2 3 4 5 6 |  6.0
Hexes          | 1 2 3 4 5 6 |  6.0
Summonings     | 1 2 3 4 5 6 |  6.0
Necromancy     | 1 2 3 4 5 6 |  6.0
Translocations | 1 2 3 4 5 6 |  6.0
Transmutations | 1 2 3 4 5 6 |  6.0
Fire Magic     | 1 2 3 4 5 6 |  6.0
Ice Magic      | 1 2 3 4 5 6 |  6.0
Air Magic      | 1 2 3 4 5 6 |  6.0
Earth Magic    | 1 2 3 4 5 6 |  6.0
Poison Magic   | 1 2 3 4 5 6 |  6.0
Armour         | 3 4 5 6 7 |  7.7
Fighting       | 5 6 7 8 |  8.6
Long Blades    | 5 6 7 8 |  8.6
Dodging        | 5 6 7 8 |  8.6
Charms         | 6 7 8 |  8.2

Action                   |  1- 3 |  4- 6 |  7- 9 | 10-12 || total
-------------------------+-------+-------+-------+-------++-------
Melee: Falchion          |    67 |     2 |       |       ||    69
       Bite              |     8 |    17 |    30 |    63 ||   118
       Dagger            |       |   141 |   136 |    26 ||   303
       Mace              |       |       |    75 |    68 ||   143
       Punch             |       |       |     1 |       ||     1
       Whip              |       |       |   108 |   436 ||   544
 Cast: Infusion          |    10 |       |     2 |     6 ||    18
       Song of Slaying   |     2 |       |     3 |    18 ||    23
       Shroud of Golubri |       |     1 |     2 |    15 ||    18
       Spectral Weapon   |       |       |    11 |    31 ||    42
       Regeneration      |       |       |     3 |     9 ||    12
       Mephitic Cloud    |       |       |       |     4 ||     4
Invok: Ancestor Identity |       |       |     1 |       ||     1
       Ancestor Life: Ba |       |       |       |     1 ||     1
Evoke: Wand              |       |     5 |     2 |     1 ||     8
  Use: Scroll            |     5 |       |    16 |     7 ||    28
       Potion            |       |       |     1 |     6 ||     7
 Stab: Sleeping          |     3 |     6 |     5 |     6 ||    20
       Distracted        |       |       |     3 |     5 ||     8
       Confused          |       |       |       |     2 ||     2
  Eat: Chunk             |       |     5 |    16 |    17 ||    38
Armor: Ring mail         |    10 |       |       |       ||    10
       Leather armour    |     7 |    28 |   102 |   177 ||   314
Dodge: Dodged            |    53 |   128 |   259 |   430 ||   870
Block: Buckler           |       |       |    22 |   166 ||   188
       Rpst.: Falchion   |    18 |       |       |       ||    18
